[Event "Titled Tuesday Blitz July 20 2021"]
[White "Krivonosov, Oleg"]
[Black "Nazari, Arad"]
[WhiteFideId "11600349"]
[BlackFideId "12577324"]
[WhiteElo "2469"]
[BlackElo "2153"]
[Result "1-0"]
[Round "04"]
[TimeControl "180+1"]
[Date "2021.07.21"]
[WhiteClock "0:00:27"]
[BlackClock "0:00:04"]

1. Nf3 Nf6 2. c4 e6 3. g3 d5 4. d4 c6 5. Qc2 Nbd7 6. Bg2 Bd6 7. O-O O-O 8. Bg5 h6 9. Bxf6 Nxf6 10. Nbd2 Bd7 11. e4 dxe4 12. Nxe4 Nxe4 13. Qxe4 Qc7 14. Ne5 Rad8 15. Rfd1 Be8 16. f4 f6 17. Nf3 Bf7 18. Rd3 g5 19. fxg5 hxg5 20. Rad1 Kg7 21. R3d2 Bg6 22. Qe3 Rh8 23. c5 Bxg3 24. hxg3 Qxg3 25. Qf2 Qg4 26. d5 cxd5 27. Nd4 Be4 28. Rf1 Rh6 29. Nf3 Rdh8 30. Nh2 Qh5 31. Bxe4 dxe4 32. Rd7+ Kf8 33. Rd8+ Kg7 34. Rxh8 Kxh8 35. Qg3 f5 36. Qe5+ Kh7 37. Qc7+ Kg6 38. Qe5 Qe2 39. Qxe6+ Kg7 40. Qe7+ Kg6 41. Qe8+ Kg7 42. Qe5+ Kg6 43. Qxf5+ Kg7 44. Qf7+ Kh8 45. Qf8+ Kh7 46. Qf7+ Kh8 47. Qe8+ Kh7 48. Qe7+ Kg6 49. Qe6+ 1-0


[Site "https://www.chess.com"]

[Event "Titled Tuesday Blitz July 20 2021"]
[White "Le, Tuan Minh"]
[Black "Rodriguez Hernandez, Luis Daniel"]
[WhiteFideId "12401153"]
[BlackFideId "3506770"]
[WhiteElo "2450"]
[BlackElo "2133"]
[Result "1-0"]
[Round "04"]
[TimeControl "180+1"]
[Date "2021.07.20"]
[WhiteClock "0:00:18"]
[BlackClock "0:00:01"]

1. d4 Nf6 2. Nf3 g6 3. Bg5 Bg7 4. Nbd2 d6 5. c3 Nbd7 6. e4 e5 7. Bc4 h6 8. Bh4 c6 9. O-O Qc7 10. Qc2 Nh5 11. Rfe1 Nf8 12. Rad1 Bg4 13. dxe5 dxe5 14. h3 Be6 15. Qb3 g5 16. Bg3 Nxg3 17. fxg3 O-O-O 18. Nf1 Rxd1 19. Rxd1 Qb6+ 20. Kh2 Bxc4 21. Qxc4 Ne6 22. b4 Rd8 23. Rxd8+ Nxd8 24. Qd3 a5 25. a3 axb4 26. axb4 Qf2 27. Ne3 f6 28. Nf5 Bf8 29. Qc4 Qc2 30. b5 Kc7 31. bxc6 bxc6 32. Ne3 Qb1 33. Nd5+ Kb7 34. Nxf6 Be7 35. Ng8 Bd6 36. Nxh6 Qc1 37. Nf5 Bc7 38. Ne7 g4 39. hxg4 Qh6+ 40. Nh4 Qg7 41. Qb3+ Bb6 42. Neg6 Qf6 43. Qb4 1-0


[Site "https://www.chess.com"]

[Event "Titled Tuesday Blitz July 20 2021"]
[White "Leiva, Gianmarco"]
[Black "Sihite, Chelsie Monica Ignesias"]
[WhiteFideId "3804399"]
[BlackFideId "7101198"]
[WhiteElo "2365"]
[BlackElo "2224"]
[Result "1-0"]
[Round "04"]
[TimeControl "180+1"]
[Date "2021.07.21"]
[WhiteClock "0:00:02"]
[BlackClock "0:00:13"]

1. e4 e5 2. Nf3 Nc6 3. Bc4 Bc5 4. O-O Nf6 5. d3 O-O 6. c3 Be7 7. h3 h6 8. Nbd2 a6 9. Bb3 d6 10. Re1 Be6 11. Bc2 Re8 12. Nf1 Bf8 13. Ng3 g6 14. d4 exd4 15. cxd4 d5 16. e5 Nd7 17. Be3 Nb4 18. Bb1 c5 19. Qd2 cxd4 20. Bxh6 Bxh6 21. Qxh6 Nf8 22. Nxd4 Rc8 23. h4 Bg4 24. Qf4 Be6 25. h5 g5 26. Qd2 Nc6 27. Nf3 g4 28. Ng5 Qa5 29. Qd1 Qb4 30. Nxe6 Nxe6 31. Bf5 Kh8 32. Qc1 Kg7 33. Bd3 Ncd4 34. Qe3 Rh8 35. a3 Qe7 36. Bf5 Rc4 37. Rab1 Qh4 38. Bxe6 fxe6 39. b3 Nc2 40. Qb6 Nxe1 41. bxc4 Nf3+ 42. gxf3 gxf3 43. Qxe6 Rh6 44. Rxb7+ Kf8 45. Qc8+ Qd8 46. Qxd8# 1-0


[Site "https://www.chess.com"]

[Event "Titled Tuesday Blitz July 20 2021"]
[White "Liyanage, Ranindu Dilshan"]
[Black "McDonald, Mike"]
[WhiteFideId "9915834"]
[BlackFideId "2635682"]
[WhiteElo "1839"]
[BlackElo "2469"]
[Result "0-1"]
[Round "04"]
[TimeControl "180+1"]
[Date "2021.07.21"]
[WhiteClock "0:00:10"]
[BlackClock "0:00:53"]

1. e4 d6 2. d4 Nf6 3. Nc3 g6 4. f4 Bg7 5. Nf3 c5 6. dxc5 Qa5 7. cxd6 Nxe4 8. Bd2 Nxc3 9. bxc3 exd6 10. Qe2+ Be6 11. Qb5+ Qxb5 12. Bxb5+ Nc6 13. O-O O-O 14. Rab1 Bxa2 15. Rb2 Bd5 16. Bd3 b6 17. Rbb1 Na5 18. f5 Rac8 19. Nd4 Be5 20. Nb5 a6 21. Nd4 Nc4 22. Bxc4 Bxc4 23. Rfe1 b5 24. Nf3 Bf6 25. Nd4 Rfe8 26. Rf1 Bxf1 27. Kxf1 Bxd4 0-1


[Site "https://www.chess.com"]

[Event "Titled Tuesday Blitz July 20 2021"]
[White "Locci, Damiano"]
[Black "Przybylski, Wojciech"]
[WhiteFideId "819751"]
[BlackFideId "1117599"]
[WhiteElo "2441"]
[BlackElo "2317"]
[Result "0-1"]
[Round "04"]
[TimeControl "180+1"]
[Date "2021.07.21"]
[WhiteClock "0:00:02"]
[BlackClock "0:00:20"]

1. e4 c5 2. Nc3 d6 3. g3 Nf6 4. Bg2 h5 5. h3 Nc6 6. d3 Nd4 7. Be3 e5 8. Qd2 h4 9. g4 Be6 10. Nd1 Rc8 11. c3 Nc6 12. Ne2 Be7 13. f4 Nh7 14. O-O g5 15. f5 Bd7 16. Bf2 Nb8 17. Ne3 Nf6 18. d4 cxd4 19. cxd4 Bb5 20. Rfd1 Nc6 21. Nc2 Qa5 22. b4 Qa6 23. Nc3 Ba4 24. Bf1 b5 25. d5 Nb8 26. Rdc1 Nbd7 27. Na3 Rxc3 28. Rxc3 Nxe4 29. Qd3 Nxc3 30. Qxc3 O-O 31. Qc7 Qc8 32. Qxc8 Rxc8 33. Bxa7 Nf6 34. Nxb5 Nxd5 35. a3 e4 36. Nd4 Bf6 0-1


[Site "https://www.chess.com"]

[Event "Titled Tuesday Blitz July 20 2021"]
[White "Lovkov, Roman"]
[Black "Bortnyk, Olexandr"]
[WhiteFideId "4157389"]
[BlackFideId "14120828"]
[WhiteElo "2387"]
[BlackElo "2723"]
[Result "0-1"]
[Round "04"]
[TimeControl "180+1"]
[Date "2021.07.20"]
[WhiteClock "0:00:05"]
[BlackClock "0:00:03"]

1. e4 Nf6 2. e5 Nd5 3. Nf3 d6 4. Bc4 Nb6 5. Bb3 Bf5 6. O-O e6 7. a4 a5 8. d4 Nc6 9. exd6 Bxd6 10. Nc3 O-O 11. Nb5 Bg4 12. h3 Bh5 13. Re1 Nd5 14. c3 h6 15. g4 Bg6 16. Ne5 Nxe5 17. dxe5 Bc5 18. Qf3 c6 19. Na3 f6 20. Bxd5 cxd5 21. Be3 fxe5 22. Qg3 Bxe3 23. Rxe3 e4 24. Nb5 Qf6 25. Rd1 Rad8 26. Rd2 e5 27. Re1 d4 28. Na3 e3 29. fxe3 dxe3 30. Rde2 Rd2 31. Rxe3 Qf2+ 32. Qxf2 Rfxf2 33. Rg3 Rxb2 34. Nc4 Ra2 35. Nxe5 Be8 36. h4 Bxa4 37. g5 hxg5 38. hxg5 Rfe2 39. Rxe2 Rxe2 40. Nc4 Bc6 41. Nxa5 Bd5 42. c4 Be4 43. Nb3 Rc2 44. c5 Bd5 45. Nd4 Rxc5 46. g6 Be4 47. Ne6 Rc1+ 48. Kf2 Rc6 49. Nf4 b5 50. Rg5 b4 51. Ke3 Bc2 52. Rb5 Bxg6 53. Rb8+ Kh7 54. Rxb4 Bf5 55. Rb5 g6 56. Nd5 Kh6 57. Ne7 Re6+ 0-1


[Site "https://www.chess.com"]

[Event "Titled Tuesday Blitz July 20 2021"]
[White "Madaminov, Mukhiddin"]
[Black "Sukandar, Irine Kharisma"]
[WhiteFideId "14210703"]
[BlackFideId "7101937"]
[WhiteElo "1747"]
[BlackElo "2313"]
[Result "0-1"]
[Round "04"]
[TimeControl "180+1"]
[Date "2021.07.21"]
[WhiteClock "0:00:07"]
[BlackClock "0:00:20"]

1. e4 e5 2. Nf3 Nc6 3. d4 exd4 4. Nxd4 Qf6 5. Be3 Bc5 6. c3 Nge7 7. Bc4 Qg6 8. Nxc6 Bxe3 9. Nxe7 Qxg2 10. Rf1 Kxe7 11. fxe3 f6 12. Nd2 d6 13. Qe2 Qg5 14. O-O-O Bg4 15. Nf3 Qc5 16. Bb3 a5 17. Rg1 h5 18. Rd5 Qc6 19. h3 a4 20. Bc2 a3 21. hxg4 axb2+ 22. Kxb2 Rxa2+ 23. Kxa2 Qxc3 24. Ba4 Ra8 25. Rd4 b5 26. Qd2 Qc5 27. Rc1 Qb6 28. gxh5 c5 29. Qg2 g5 30. Qc2 Kf8 31. Rb1 cxd4 32. Nxd4 Qc5 33. Qxc5 dxc5 34. Nxb5 Rxa4+ 35. Kb3 Rxe4 36. Re1 Rb4+ 37. Kc3 Rxb5 38. Kc4 Rb2 39. Kxc5 Rh2 40. Kd6 Kf7 41. Ra1 Rxh5 42. Ra7+ Kg6 43. e4 Rh4 44. Kd5 Rh2 45. Ra8 Rd2+ 46. Ke6 Re2 47. Rg8+ Kh7 48. Ra8 Kg7 49. Kf5 Rf2+ 50. Ke6 g4 51. Ra3 Kg6 52. Ra8 Rf4 53. Rg8+ Kh5 54. e5 fxe5 55. Kxe5 Rf7 56. Ke4 Kh4 57. Ke3 Kh3 58. Ke2 g3 59. Rh8+ Kg2 60. Rg8 Re7+ 61. Kd2 Kf2 62. Rf8+ Kg1 63. Rg8 g2 64. Rg6 Re4 65. Kd3 Re7 66. Kd2 Rh7 67. Ke2 Kh1 68. Kf2 Rf7+ 69. Ke2 g1=Q 70. Rh6+ Qh2+ 71. Rxh2+ Kxh2 72. Ke3 Kg3 73. Ke4 Rf1 74. Ke5 Kg4 75. Kd5 0-1


[Site "https://www.chess.com"]

[Event "Titled Tuesday Blitz July 20 2021"]
[White "Martinez Reyes, Pedro Ramon"]
[Black "Borsuk, Konstantin"]
[WhiteFideId "3901807"]
[BlackFideId "14113406"]
[WhiteElo "2398"]
[BlackElo "2363"]
[Result "0-1"]
[Round "04"]
[TimeControl "180+1"]
[Date "2021.07.21"]
[WhiteClock "0:00:10"]
[BlackClock "0:00:33"]

1. e4 e6 2. d4 d5 3. Nc3 Bb4 4. Qd3 Ne7 5. a3 Ba5 6. Bd2 O-O 7. Nf3 Bxc3 8. bxc3 b6 9. Be2 Ba6 10. Qe3 Bxe2 11. Qxe2 Nbc6 12. O-O Na5 13. e5 Nc4 14. Bg5 Rc8 15. h3 c5 16. Nh2 cxd4 17. cxd4 Qd7 18. Qg4 Nf5 19. Nf3 Kh8 20. Nh4 Rc6 21. Nxf5 exf5 22. Qf3 h6 23. Bf4 g5 24. Bc1 f4 25. h4 Kg7 26. hxg5 hxg5 27. g3 Rh8 28. gxf4 g4 29. Qg2 Rch6 30. Be3 Qf5 31. Qxd5 Qh7 32. f3 g3 0-1


[Site "https://www.chess.com"]

[Event "Titled Tuesday Blitz July 20 2021"]
[White "Meissner, Felix"]
[Black "Perez Gormaz, Matias"]
[WhiteFideId "24671827"]
[BlackFideId "3406342"]
[WhiteElo "2390"]
[BlackElo "2414"]
[Result "0-1"]
[Round "04"]
[TimeControl "180+1"]
[Date "2021.07.21"]
[WhiteClock "0:02:18"]
[BlackClock "0:02:24"]

1. e4 c5 2. Nf3 d6 3. d4 cxd4 4. Nxd4 Nf6 5. f3 Nc6 6. c4 e6 7. Nc3 Be7 8. Nxc6 bxc6 9. Be3 O-O 10. Be2 e5 11. O-O Be6 12. Qd2 a5 13. Rfd1 a4 14. b3 axb3 15. axb3 Rxa1 16. Rxa1 Qb8 17. Ra7 Nd7 18. Qa2 Bd8 19. Ra6 Qb7 20. Ra7 Qb4 21. Bd2 Bb6+ 22. Kh1 Qc5 0-1


[Site "https://www.chess.com"]

[Event "Titled Tuesday Blitz July 20 2021"]
[White "Melikhov, Evgeny V."]
[Black "Nefedov, Sergey"]
[WhiteFideId "4122046"]
[BlackFideId "24113417"]
[WhiteElo "1965"]
[BlackElo "2385"]
[Result "0-1"]
[Round "04"]
[TimeControl "180+1"]
[Date "2021.07.21"]
[WhiteClock "0:00:05"]
[BlackClock "0:00:58"]

1. d4 Nf6 2. c4 e6 3. Nc3 d5 4. cxd5 exd5 5. Bg5 c6 6. Qc2 Nbd7 7. e3 Be7 8. Bd3 Nh5 9. Bxe7 Qxe7 10. Nge2 g6 11. O-O-O Ndf6 12. h3 Ng7 13. g4 h5 14. Kb1 Be6 15. g5 Nd7 16. h4 O-O 17. f3 Rfe8 18. e4 Nb6 19. e5 Bf5 20. Nf4 Nc4 21. Rde1 Qb4 22. Ka1 Ne6 23. Bxf5 Nxd4 24. Qf2 Nxf5 25. Nd3 Qb6 26. Qxb6 axb6 27. b3 Nce3 28. Kb2 c5 29. f4 Ng2 30. Re2 Ngxh4 31. Nxd5 Red8 32. Nf6+ Kg7 33. Nf2 Ng3 34. Rxh4 Nxe2 35. N2e4 Rd4 36. Nd6 Rd2+ 37. Kb1 Nc3+ 38. Kc1 Raxa2 0-1


[Site "https://www.chess.com"]

[Event "Titled Tuesday Blitz July 20 2021"]
[White "Mokshanov, Alexey"]
[Black "Leve, Nitai"]
[WhiteFideId "24121657"]
[BlackFideId "2006898"]
[WhiteElo "2262"]
[BlackElo "2144"]
[Result "1/2-1/2"]
[Round "04"]
[TimeControl "180+1"]
[Date "2021.07.21"]
[WhiteClock "0:01:37"]
[BlackClock "0:00:27"]

1. e4 e6 2. d4 d5 3. e5 c5 4. c3 Qb6 5. Nf3 Bd7 6. a3 Bb5 7. Bxb5+ Qxb5 8. a4 Qa6 9. dxc5 Bxc5 10. b4 Be7 11. Na3 Qc6 12. Nb5 a6 13. Nbd4 Qxc3+ 14. Bd2 Qc7 15. Rc1 Qd7 16. b5 Nh6 17. Bxh6 gxh6 18. O-O O-O 19. Qd2 Kg7 20. Qf4 Qd8 21. Qg4+ Kh8 22. Qh5 Kg7 23. Rc3 axb5 24. axb5 Ra3 25. Rxa3 Bxa3 26. h4 Nd7 27. Qg4+ Kh8 28. Qh5 Kg7 29. Qg4+ Kh8 30. Qh5 Kg7 1/2-1/2


[Site "https://www.chess.com"]

[Event "Titled Tuesday Blitz July 20 2021"]
[White "Mortazavi, Ali"]
[Black "Moskalenko, Alexander"]
[WhiteFideId "401323"]
[BlackFideId "4155351"]
[WhiteElo "2339"]
[BlackElo "2495"]
[Result "0-1"]
[Round "04"]
[TimeControl "180+1"]
[Date "2021.07.20"]
[WhiteClock "0:00:02"]
[BlackClock "0:00:57"]

1. e4 c5 2. Nc3 Nc6 3. g3 g6 4. Bg2 Bg7 5. d3 Rb8 6. Be3 d6 7. Qd2 b5 8. Nd1 b4 9. Ne2 a5 10. O-O Nf6 11. Bh6 O-O 12. Bxg7 Kxg7 13. Ne3 e6 14. f4 Nd4 15. h3 h5 16. Kh2 a4 17. e5 dxe5 18. fxe5 Nd7 19. Nxd4 cxd4 20. Nc4 Ba6 21. Rae1 b3 22. axb3 axb3 23. Na5 bxc2 24. Nc6 Qc7 25. Qg5 Bxd3 26. Rf2 Rxb2 27. Nxd4 Qc3 28. Qe7 Qxd4 0-1


[Site "https://www.chess.com"]

[Event "Titled Tuesday Blitz July 20 2021"]
[White "Narayanan.S.L"]
[Black "Vasli, Aref"]
[WhiteFideId "5058422"]
[BlackFideId "417521"]
[WhiteElo "2617"]
[BlackElo "2257"]
[Result "1-0"]
[Round "04"]
[TimeControl "180+1"]
[Date "2021.07.21"]
[WhiteClock "0:01:45"]
[BlackClock "0:00:07"]

1. b3 Nf6 2. Bb2 g6 3. g3 Bg7 4. Bg2 O-O 5. Nf3 d5 6. c4 c6 7. O-O Re8 8. d4 Ne4 9. Nbd2 Bg4 10. h3 Nxd2 11. Qxd2 Bf5 12. Rfc1 Be4 13. e3 Nd7 14. cxd5 cxd5 15. Ne1 Bxg2 16. Nxg2 Qb6 17. Nf4 e6 18. Nd3 Rac8 19. Rxc8 Rxc8 20. Rc1 Rc6 21. Rxc6 Qxc6 22. a4 Bf8 23. Kg2 h5 24. f3 Bd6 25. g4 hxg4 26. hxg4 Bc7 27. Ba3 Bd6 28. Bxd6 Qxd6 29. Qc3 Kg7 30. a5 Qa6 31. Nf4 g5 32. Nh5+ Kh6 33. Ng3 Qc6 34. Qxc6 bxc6 35. b4 Nb8 36. Ne2 Na6 37. b5 cxb5 38. Nc3 Nc7 39. Kf2 f5 40. Ke2 fxg4 41. fxg4 Kg6 42. Na2 Kf6 43. Nb4 a6 44. Nc6 Kf7 45. Kd3 Ke8 46. e4 Kf7 47. e5 Ke8 48. Kc3 Kd7 49. Nb4 Kc8 50. Nd3 Kb7 51. Nc5+ Kc6 52. Kb4 Ne8 53. Nxe6 Kd7 54. Nc5+ Kc6 55. Nxa6 Ng7 56. Nc5 Ne8 57. a6 Kb6 58. e6 Nc7 59. e7 Ne8 60. a7 Kxa7 61. Kxb5 Kb8 62. Kc6 Kc8 63. Nb7 Nf6 64. Nd6+ 1-0


[Site "https://www.chess.com"]

[Event "Titled Tuesday Blitz July 20 2021"]
[White "Nazaretyan, Tigran"]
[Black "DieHardCuban"]
[WhiteFideId "24162345"]
[WhiteElo "2214"]
[BlackElo "2450"]
[Result "0-1"]
[Round "04"]
[TimeControl "180+1"]
[Date "2021.07.21"]
[WhiteClock "0:00:17"]
[BlackClock "0:00:24"]

1. d4 Nf6 2. c4 e6 3. Nf3 d5 4. Nc3 Bb4 5. Qa4+ Nc6 6. e3 O-O 7. Bd2 a5 8. Rc1 Bd7 9. Qc2 Qe7 10. a3 Bxc3 11. Bxc3 Ne4 12. Bd3 f5 13. O-O Rf6 14. cxd5 exd5 15. Ne5 Nxe5 16. dxe5 Rc6 17. Qb3 Nxc3 18. Rxc3 Rxc3 19. Qxc3 c5 20. Rc1 b6 21. Qb3 c4 22. Bxc4 dxc4 23. Qxc4+ Be6 24. Qd4 Qd8 25. Rc6 Qxd4 26. exd4 Rc8 27. Rxc8+ Bxc8 28. d5 f4 29. g3 f3 30. h4 Bb7 31. d6 Kf7 32. g4 Ke6 33. Kh2 Bc6 34. Kg3 Kxe5 35. d7 Bxd7 36. Kxf3 a4 37. g5 Kd4 38. Kf4 b5 39. h5 Be8 40. h6 gxh6 41. gxh6 Bg6 42. Kg5 Ke5 43. Kg4 Kf6 44. Kf4 Be8 45. Ke4 Kg6 46. Ke5 Kxh6 47. Kf6 Kh5 48. f4 Kg4 49. f5 Bd7 50. Kg7 Bxf5 51. Kh6 Bd3 52. b4 axb3 53. a4 bxa4 54. Kg7 h5 55. Kf6 h4 56. Ke5 h3 57. Kd4 Bc2 58. Kc3 h2 59. Kb2 Kf3 60. Ka3 Ke2 61. Kxa4 b2+ 62. Ka3 h1=Q 63. Kxb2 Qb1+ 64. Kc3 Qb3+ 65. Kd4 Qe3+ 66. Kc4 Bb3+ 67. Kb4 Qd3 68. Ka3 Be6+ 69. Kb4 Qc4+ 70. Ka5 Qb3 71. Ka6 Bc8+ 72. Ka5 Bd7 73. Ka6 Bc6 0-1


[Site "https://www.chess.com"]

[Event "Titled Tuesday Blitz July 20 2021"]
[White "Nguyen, Hong Anh"]
[Black "Mestnikov, Aisen"]
[WhiteFideId "12406732"]
[BlackFideId "34130117"]
[WhiteElo "1974"]
[BlackElo "2027"]
[Result "1/2-1/2"]
[Round "04"]
[TimeControl "180+1"]
[Date "2021.07.21"]
[WhiteClock "0:00:17"]
[BlackClock "0:00:06"]

1. d4 d5 2. c4 c6 3. Nf3 Nf6 4. Qc2 g6 5. Bf4 Bf5 6. Qb3 Qb6 7. e3 dxc4 8. Bxc4 Qxb3 9. Bxb3 Bg7 10. Nc3 O-O 11. O-O Nbd7 12. Rfe1 Nh5 13. Bg5 e5 14. d5 h6 15. dxc6 bxc6 16. Be7 Rfe8 17. Ba3 e4 18. Nd2 Nhf6 19. Rad1 Ne5 20. Nc4 Nd3 21. Rf1 Bf8 22. Bxf8 Rxf8 23. f3 Nc5 24. fxe4 Nfxe4 25. Ne5 Nxb3 26. axb3 Nxc3 27. bxc3 Bc2 28. Rd7 Bxb3 29. Nxc6 Kg7 30. Nxa7 Rfe8 31. Rf3 Be6 32. Rc7 Bd5 33. Rg3 Rab8 34. h3 Rb1+ 35. Kh2 Rb2 36. c4 Ba8 37. Nb5 Rxe3 38. Nd6 Rxg3 39. Kxg3 Rxg2+ 40. Kf4 Rf2+ 41. Ke5 g5 42. c5 Re2+ 43. Kd4 Rd2+ 44. Kc3 Rf2 45. Ne8+ Kg6 46. Rc8 Bb7 47. Rc7 Bd5 48. Kd4 Bg2 49. Nd6 Bxh3 50. Rc6 Kg7 51. Ne8+ Kf8 52. Rxh6 Bg2 53. Nd6 Rf4+ 54. Ke5 Rh4 55. Rf6 Rh7 56. Kf5 Ke7 57. Kxg5 Rh5+ 58. Kxh5 Kxf6 59. Kg4 Ke6 60. Kg3 Bc6 61. Kf4 Kd5 62. Nxf7 Kxc5 1/2-1/2


[Site "https://www.chess.com"]

[Event "Titled Tuesday Blitz July 20 2021"]
[White "Odinaev, Timur"]
[Black "Megaranto, Susanto"]
[WhiteFideId "4163770"]
[BlackFideId "7101384"]
[WhiteElo "2306"]
[BlackElo "2644"]
[Result "0-1"]
[Round "04"]
[TimeControl "180+1"]
[Date "2021.07.21"]
[WhiteClock "0:00:24"]
[BlackClock "0:00:17"]

1. e4 g6 2. d4 Bg7 3. Nc3 a6 4. Nf3 b5 5. Bd3 Bb7 6. Be3 d6 7. Qd2 Nf6 8. e5 Nd5 9. e6 f6 10. h4 Nxc3 11. bxc3 Bd5 12. h5 g5 13. h6 Bf8 14. Bf5 Qc8 15. Qd3 Bxe6 16. Qe4 Bxf5 17. Qxa8 c6 18. a4 Bxc2 19. axb5 cxb5 20. O-O Bxh6 21. Rxa6 O-O 22. Ra7 Nc6 23. Qxc8 Rxc8 24. Rb7 d5 25. Ra1 Ba4 26. Ne1 Bf8 27. Nd3 Na5 28. Ra7 Nb3 29. Re1 Rxc3 30. Nc5 Nxc5 31. dxc5 e5 32. Ra8 Kf7 33. Bd2 Rc4 34. Rc8 Bxc5 35. Rc1 Bd4 36. Rc7+ Kg6 37. Rd7 Rxc1+ 38. Bxc1 Bb3 39. Kf1 Bc4+ 40. Ke1 b4 41. Rb7 b3 42. Be3 Bxe3 43. fxe3 h5 44. Kd2 h4 45. Kc3 Bf1 46. Rxb3 Bxg2 47. Rb8 h3 48. Rh8 g4 49. Kd2 g3 50. Ke2 h2 51. Rg8+ Kf5 52. Rxg3 h1=Q 53. e4+ Bxe4 0-1


[Site "https://www.chess.com"]

[Event "Titled Tuesday Blitz July 20 2021"]
[White "Orantes Taboada, Francisco"]
[Black "De Silva, L M S T"]
[WhiteFideId "22274758"]
[BlackFideId "9953698"]
[WhiteElo "2073"]
[BlackElo "1621"]
[Result "0-1"]
[Round "04"]
[TimeControl "180+1"]
[Date "2021.07.21"]
[WhiteClock "0:00:16"]
[BlackClock "0:01:09"]

1. Nf3 Nf6 2. g3 b6 3. Bg2 Bb7 4. d4 g6 5. O-O Bg7 6. b3 O-O 7. Bb2 e6 8. c4 d6 9. Nc3 Ne4 10. Qc2 Nxc3 11. Qxc3 f5 12. Rad1 Nd7 13. Rfe1 Qe7 14. Qc1 Nf6 15. d5 e5 16. b4 a5 17. a3 axb4 18. axb4 Ra4 19. Qc2 Rfa8 20. Ra1 b5 21. Rxa4 Rxa4 22. Nxe5 dxe5 23. d6 cxd6 24. Bxb7 Qxb7 25. cxb5 Rxb4 26. Ba3 Rxb5 27. Bxd6 h6 28. Rd1 Rd5 29. Rb1 Qd7 30. Rb8+ Kh7 31. Bf8 Rd1+ 32. Kg2 Qd5+ 33. f3 Qd4 34. Bc5 Qd2 35. Qc4 Qe1 36. g4 Qf1+ 37. Kg3 f4+ 38. Kh4 g5# 0-1


[Site "https://www.chess.com"]

[Event "Titled Tuesday Blitz July 20 2021"]
[White "Ovchinnikov, Vsevolod"]
[Black "Goltsev, Dmitry"]
[WhiteFideId "24176842"]
[BlackFideId "24176710"]
[WhiteElo "2376"]
[BlackElo "2366"]
[Result "0-1"]
[Round "04"]
[TimeControl "180+1"]
[Date "2021.07.21"]
[WhiteClock "0:00:07"]
[BlackClock "0:00:11"]

1. d4 Nf6 2. c4 e6 3. g3 Bb4+ 4. Bd2 Qe7 5. Nf3 Nc6 6. Nc3 Bxc3 7. Bxc3 Ne4 8. Rc1 Nxc3 9. Rxc3 d5 10. Bg2 O-O 11. O-O Qf6 12. e3 Bd7 13. cxd5 exd5 14. Qb3 Qd6 15. Qxb7 Rab8 16. Qa6 Rxb2 17. Qa3 Rfb8 18. Rc5 Re2 19. Qd3 Rbb2 20. Ng5 g6 21. Bxd5 Nd8 22. Bc4 Red2 23. Qe4 Qf6 24. Qf4 Qxf4 25. gxf4 h6 26. Rxc7 Bf5 27. Nf3 Rdc2 28. Ne1 Rc1 29. Nf3 Rcc2 30. Ne1 Rc3 31. Kg2 Ne6 32. Rc8+ Kg7 33. Bxe6 Rxc8 34. Bxc8 Bxc8 35. Nd3 Rxa2 36. Rc1 Bf5 37. Nc5 a5 38. h4 a4 39. Rc4 a3 40. Ra4 Ra1 41. Na6 Be6 42. Nb4 Rb1 43. d5 Bd7 44. Ra7 Rxb4 45. Rxd7 Ra4 46. d6 a2 47. Re7 a1=Q 48. d7 Qd1 0-1


[Site "https://www.chess.com"]

[Event "Titled Tuesday Blitz July 20 2021"]
[White "Ozen, Bahadir"]
[Black "Najdin, Danil"]
[WhiteFideId "6337058"]
[BlackFideId "4172426"]
[WhiteElo "2503"]
[BlackElo "2193"]
[Result "1-0"]
[Round "04"]
[TimeControl "180+1"]
[Date "2021.07.21"]
[WhiteClock "0:01:58"]
[BlackClock "0:01:44"]

1. Nf3 Nf6 2. b3 g6 3. Bb2 Bg7 4. d4 O-O 5. e3 c5 6. dxc5 Qa5+ 7. c3 Qxc5 8. Ba3 Qc7 9. Bxe7 Ne4 10. Bxf8 Kxf8 11. Nd4 Nxc3 12. Qc1 Nd5 13. Qxc7 Nxc7 14. Na3 Nc6 15. Nac2 Nb5 16. Bxb5 1-0


[Site "https://www.chess.com"]

[Event "Titled Tuesday Blitz July 20 2021"]
[White "Pakleza, Zbigniew"]
[Black "Prraneeth Vuppala"]
[WhiteFideId "1119290"]
[BlackFideId "46622373"]
[WhiteElo "2526"]
[BlackElo "1759"]
[Result "1-0"]
[Round "04"]
[TimeControl "180+1"]
[Date "2021.07.20"]
[WhiteClock "0:00:09"]
[BlackClock "0:00:09"]

1. d4 Nf6 2. Nf3 d5 3. Bf4 e6 4. e3 Bd6 5. Bg3 O-O 6. Nbd2 c5 7. c3 Qc7 8. Ne5 Nbd7 9. f4 Ne4 10. Nxe4 dxe4 11. Nc4 cxd4 12. cxd4 Bb4+ 13. Kf2 Nf6 14. Be2 Nd5 15. Qb3 Qe7 16. a3 Bd6 17. Rhc1 Bc7 18. Kg1 Bd7 19. Ne5 Bxe5 20. fxe5 Qg5 21. Bf2 Bc6 22. Bc4 Ne7 23. Qd1 Nf5 24. Qe1 Rfd8 25. Rc3 h5 26. Rac1 a6 27. Be2 h4 28. h3 Rd7 29. Bg4 f6 30. exf6 gxf6 31. Bxf5 Qxf5 32. Bxh4 Rg7 33. Kh2 Kh8 34. Qf1 Rag8 35. g4 Qxf1 36. Rxf1 f5 37. Bf6 fxg4 38. hxg4 Kh7 39. Bxg7 Rxg7 40. Kg3 Kg6 41. Rc2 Rh7 42. Rh2 Rxh2 43. Kxh2 Kg5 44. Kg3 Bd5 45. Rf4 a5 46. a4 Bc6 47. Rf7 Bxa4 48. Rxb7 Bc6 49. Rb6 Bd5 50. Ra6 a4 51. Rxa4 1-0


[Site "https://www.chess.com"]

[Event "Titled Tuesday Blitz July 20 2021"]
[White "Parkhov, Yair"]
[Black "Quparadze, Giga"]
[WhiteFideId "2813408"]
[BlackFideId "13602250"]
[WhiteElo "2131"]
[BlackElo "2658"]
[Result "0-1"]
[Round "04"]
[TimeControl "180+1"]
[Date "2021.07.21"]
[WhiteClock "0:00:04"]
[BlackClock "0:02:05"]

1. d4 Nf6 2. c4 e6 3. Nf3 b6 4. g3 Ba6 5. Qb3 Nc6 6. Nbd2 Na5 7. Qc2 c5 8. dxc5 Rc8 9. b4 Nxc4 10. Nxc4 bxc5 11. b5 Bxb5 12. Rb1 Bc6 13. Ncd2 Qa5 14. Qb3 c4 15. Qxc4 Bc5 16. Qb3 Ng4 17. Bg2 Bxf2+ 18. Kf1 Bd5 19. Qb5 Qxb5 20. Rxb5 Rxc1+ 0-1


[Site "https://www.chess.com"]

[Event "Titled Tuesday Blitz July 20 2021"]
[White "Perez Rodriguez, Luis Manuel"]
[Black "Dixit, Arun"]
[WhiteFideId "3503364"]
[BlackFideId "30937671"]
[WhiteElo "2429"]
[BlackElo "2376"]
[Result "1-0"]
[Round "04"]
[TimeControl "180+1"]
[Date "2021.07.21"]
[WhiteClock "0:01:16"]
[BlackClock "0:00:49"]

1. e4 c6 2. d4 d5 3. exd5 cxd5 4. c4 Nf6 5. Nc3 Nc6 6. Nf3 e6 7. cxd5 Nxd5 8. Bc4 Bb4 9. Qc2 O-O 10. O-O Nb6 11. Bd3 h6 12. Rd1 Qe7 13. Qe2 Rd8 14. Qe4 f5 15. Qe3 Nd5 16. Nxd5 exd5 17. Ne5 Nxe5 18. dxe5 Bc5 19. Qg3 Bd4 20. Bxh6 Bxe5 21. Bf4 Bxf4 22. Qxf4 Qf6 23. Rac1 Be6 24. Rc7 Qxb2 25. Bxf5 Qf6 26. Bxe6+ Qxe6 27. Rxb7 Rf8 28. Qd4 Rf7 29. Rxf7 Qxf7 30. Qxd5 Rb8 31. h4 Rb2 32. Qxf7+ Kxf7 33. Rd7+ Kg6 34. Rxa7 Kh6 35. g3 g5 36. Ra6+ Kh5 37. Ra5 Kg4 38. Rxg5+ Kh3 39. Kf1 Rxa2 40. h5 Ra1+ 41. Ke2 Kg2 42. f4 Ra2+ 43. Ke3 Ra3+ 44. Ke4 Ra4+ 45. Kf5 Kf3 46. h6 Ra5+ 47. Kg6 Ra6+ 48. Kh5 Ra7 49. Rg7 Ra5+ 50. Rg5 Ra1 51. h7 Rh1+ 52. Kg6 Rh3 53. Kg7 Rxg3 54. Rxg3+ Kxg3 55. f5 Kf4 56. f6 Kg5 57. f7 Kg4 58. f8=Q Kg3 59. h8=Q Kg2 60. Qf6 Kg1 61. Qf4 Kg2 62. Qhh2# 1-0


[Site "https://www.chess.com"]

[Event "Titled Tuesday Blitz July 20 2021"]
[White "Pert, Richard G"]
[Black "DominikPedzich"]
[WhiteFideId "404748"]
[WhiteElo "2441"]
[BlackElo "2421"]
[Result "1-0"]
[Round "04"]
[TimeControl "180+1"]
[Date "2021.07.21"]
[WhiteClock "0:00:36"]
[BlackClock "0:00:11"]

1. d4 d6 2. Bg5 Nf6 3. Bxf6 exf6 4. e3 g6 5. g3 Bg7 6. Bg2 O-O 7. Ne2 f5 8. O-O Nd7 9. c4 Nf6 10. Nbc3 c6 11. Qd3 Re8 12. b4 Qe7 13. b5 Ne4 14. Rab1 h5 15. h4 Bf6 16. Bf3 Kg7 17. Kg2 Kh6 18. Rh1 Kg7 19. a4 Kh6 20. a5 Kg7 21. a6 cxb5 22. Nd5 bxc4 23. Qxc4 Be6 24. Bxe4 fxe4 25. Rxb7 Qd8 26. Nef4 Rc8 27. Qb3 Qa5 28. Nxe6+ Rxe6 29. Rb1 Bd8 30. Rxa7 Kg8 31. Qb7 1-0


[Site "https://www.chess.com"]